 Dungeon Crawl Stone Soup version 0.29.1-15-g9cfb28693d (webtiles) character file.

Game seed: 6309420441892995100

308 hawla the Conjurer (level 7, -5/50 HPs)
             Began as a Meteoran Fire Elementalist on Mar 16, 2023.
             Slain by a black bear (7 damage)
             ... on level 6 of the Dungeon.
             The game lasted 00:03:45 (601 turns).

hawla the Conjurer (Meteoran Fire Elementalist)      Turns: 601, Time: 00:03:46

Health: -5/50      AC:  2    Str:  8 (10) XL:     7   Next: 1%
Magic:  0/13       EV: 13    Int: 16 (18) God:
Gold:   64         SH:  0    Dex: 14 (15) Spells: 5/12 levels left

rFire   . . .      SeeInvis .   g - +0 long sword
rCold   . . .      Faith    .   (no shield)
rNeg    . . .      Spirit   .   a - +0 robe
rPois   .          Reflect  .   (no helmet)
rElec   .          Harm     .   (no cloak)
rCorr   .          Rampage  .   (no gloves)
Will    .....                   (no boots)
Stlth   +.........              c - amulet of the acrobat
HPRegen 0.16/turn               (no ring)
MPRegen 0.13/turn               (no ring)

@: glowing
A: sense surroundings 1, otherworldly, glowing, explore regen
a: no special abilities


You were on level 6 of the Dungeon.
You visited 1 branch of the dungeon, and saw 5 of its levels.

You collected 64 gold pieces.

Inventory:

Hand Weapons
 g - a +0 long sword (weapon)
Armour
 a - a +0 robe (worn)
Jewellery
 c - an amulet of the acrobat (around neck)
Scrolls
 b - 4 scrolls of identify {unknown}
 h - a scroll of torment {unknown}
Potions
 e - a potion of attraction {unknown}
 f - a potion of ambrosia {unknown}
 i - a potion of heal wounds {unknown}


   Skills:
 - Level 2.9 Dodging
 - Level 1.6 Stealth
 - Level 0.2 Unarmed Combat
 - Level 3.4 Spellcasting
 + Level 6.1 Conjurations
 - Level 4.8 Fire Magic


You had 5 spell levels left.
You knew the following spells:

 Your Spells              Type           Power      Damage    Failure   Level
a - Foxfire               Conj/Fire      80%        2x1d8     1%          1
b - Scorch                Fire           36%        2d7       3%          2
c - Flame Wave            Conj/Fire      20%        2d7       19%         4

Your spell library contained the following spells:

 Spells                   Type           Power      Damage    Failure   Level
 Conjure Flame            Conj/Fire      20%        6-21      5%          3
 Inner Flame              Hex/Fire       10%        N/A       21%         3
 Sublimation of Blood     Necr           2%         N/A       26%         2
 Wereblood                Tmut           2%         N/A       26%         2
 Summon Hydra             Summ           1%         N/A       100%        7


Dungeon Overview and Level Annotations

Branches:
Dungeon (4/15) Zot: 2396
 Temple: D:4-7

Altars:
Gozag
Nemelex Xobeh
Qazlal


Innate Abilities, Weirdness & Mutations

You passively map a small area around you.
You are easily found by Zot.
You glow in the dark.
You regain HP and MP as you explore.


Message History

The black bear closely misses you. x2; The black bear claws you.
Casting: Scorch (safe; 3% risk of failure)
Confirm with . or Enter, or press ? or * to list all spells.
You don't have enough magic to cast this spell.
You closely miss the black bear.
The black bear is severely wounded.
The black bear bites you but does no damage.
The black bear claws you but does no damage.
The black bear claws you.
You barely miss the black bear.
The black bear is severely wounded.
The black bear bites you! The black bear claws you. x2
It was a potion of degeneration.
There was something very wrong with that liquid.
You feel weakened.
You feel dopey.
You feel clumsy. The black bear barely misses you. The black bear claws you.
The black bear barely misses you.
Casting: Scorch (safe; 3% risk of failure)
Confirm with . or Enter, or press ? or * to list all spells.
You conjure some foxfire!
The black bear bites you. The black bear barely misses you.
The black bear claws you.
You closely miss the black bear.
The black bear is severely wounded.
The foxfire hits the black bear.
The black bear is burned terribly!
The black bear is almost dead.
The foxfire hits the black bear.
The black bear is almost dead.
The black bear goes berserk!
The black bear bites you.
* * * LOW HITPOINT WARNING * * *
The black bear closely misses you.
The black bear claws you but does no damage.
You hit the black bear.
The black bear is almost dead.
The black bear bites you!
* * * LOW HITPOINT WARNING * * *
The black bear closely misses you. The black bear barely misses you.
The black bear bites you.
* * * LOW HITPOINT WARNING * * *
The black bear claws you!
You die...

#####... #. *..,
#.~.#... #. .., , ,
#~..#... #.##. , *
######## .#.## *, *
#...#,, #...# * , ,
#########...# , , ,
#.†.†....#.###.#
######.#####..##@§.#
, .......#
#..#h.§..#, ,
########
#...#...#...# ,
..~~~# ,
....#####,..# *
~~.~## ####.#, # ,
##### #. ,*, , * #.
* ** , ,, , *


You could see a black bear (berserk, combustible).

Vanquished Creatures
  Eustachio (D:4)
  A bullfrog (D:6)
  A howler monkey (D:6)
  5 adders
  A worm (D:2)
  A dart slug (D:3)
  2 orcs (D:3)
  2 endoplasms (D:3)
  A giant cockroach (D:3)
  A hobgoblin (D:3)
  4 ball pythons
  A bat (D:2)
  5 goblins
  A kobold (D:3)
  2 rats (D:3)
29 creatures vanquished.

Vanquished Creatures (collateral kills)
  A foxfire (D:3)
1 creature vanquished.

Vanquished Creatures (others)
  67 foxfires
  5 fungi
72 creatures vanquished.

Grand Total: 102 creatures vanquished

Notes
Turn   | Place    | Note
-------+----------+-------------------------------------------
     0 | D:1      | hawla the Meteoran Fire Elementalist began the quest for
                  | the Orb.
     0 | D:1      | Reached XP level 1. HP: 14/14 MP: 5/5
    38 | D:2      | Reached XP level 2. HP: 17/20 MP: 3/6
    63 | D:3      | Reached XP level 3. HP: 26/26 MP: 6/8
   209 | D:3      | Reached XP level 4. HP: 33/33 MP: 4/9
   271 | D:3      | Learned a level 2 spell: Scorch
   283 | D:3      | Found an opulent altar of Gozag.
   307 | D:3      | Learned a level 4 spell: Flame Wave
   421 | D:3      | Found a stormy altar of Qazlal.
   454 | D:4      | Noticed Eustachio
   461 | D:4      | Killed Eustachio
   462 | D:4      | Reached skill level 5 in Conjurations
   462 | D:4      | Reached XP level 5. HP: 38/38 MP: 1/11
   462 | D:4      | Reached XP level 6. HP: 45/45 MP: 1/12
   474 | D:4      | Found a sparkling altar of Nemelex Xobeh.
   537 | D:4      | You fall into a shaft and drop 2 floors!
   582 | D:6      | Reached skill level 6 in Conjurations
   582 | D:6      | Reached XP level 7. HP: 48/50 MP: 2/13
   601 | D:6      | HP: 2/50 [black bear (2)]
   601 | D:6      | Slain by a black bear

Illustrated notes

Levels and vault maps discovered:
D:1:      lemuel_arrival_river_ford, layout_rooms
D:2:      layout_rooms, basic_altar, serial_bayou, serial_bayou_ford_a,
          serial_bayou_pond_a, serial_bayou_pond_c, serial_bayou_shore_a
D:3:      layout_loops_corners, mainiacjoe_overflow_boulevard,
          tgw_kikubaaqudgha, nicolae_qazlal_general_emergency,
          mainiacjoe_overflow_alcove_4
D:4:      nicolae_cairo_tiling_large, layout_basic,
          mainiacjoe_overflow_six_doors_small, trog_butcher_becter,
          kennysheep_mini_moat, minivault_24, dreamdust_gnoll_farm,
          uniq_eustachio, uniq_grinder
D:6:      nicolae_cairo_tiling, layout_rooms, serial_shops,
          nicolae_stop_n_shop_1, serial_aquarium, aquarium_bridge_straight
          [aquarium_subvault_bridge, aquarium_subvault_wall,
          aquarium_subvault_bridge, aquarium_subvault_wall], aquarium_window_2,
          aquarium_window_1, aquarium_window_fake, aquarium_view_2d,
          aquarium_pool_side, uniq_maggie, uniq_edmund, uniq_prince_ribbit1

Skill      XL: |  1  2  3  4  5  6 |
---------------+-------------------+-----
Fire Magic     | 4 |  4.8
Spellcasting   | 3 |  3.4
Conjurations   | 5 6 |  6.1
Dodging        | |  2.9
Stealth        | |  1.6
Unarmed Combat | |  0.2

Action                   |  1- 3 |  4- 6 |  7- 9 || total
-------------------------+-------+-------+-------++-------
Melee: Unarmed           |    14 |     1 |       ||    15
       Long sword        |       |     1 |     4 ||     5
 Cast: Foxfire           |    23 |    17 |     1 ||    41
       Scorch            |       |    13 |     3 ||    16
  Use: Potion            |     1 |       |     1 ||     2
Armor: Robe              |     4 |     2 |     3 ||     9
Dodge: Dodged            |    12 |     3 |     9 ||    24
